 Dungeon Crawl Stone Soup version 0.27-a0-1188-g73eefd5def (webtiles) character file.

Game seed: 1533180729022983376

5 pmoppi the Slasher (level 1, 11/11 HPs)
             Began as a Vine Stalker Gladiator on May 20, 2021.
             Was a Follower of Kikubaaqudgha.
             Quit the game on level 1 of the Dungeon.
             The game lasted 00:03:30 (279 turns).

pmoppi the Slasher (Vine Stalker Gladiator)          Turns: 279, Time: 00:03:30

Health: 11/11      AC:  4    Str: 16    XL:     1   Next: 80%
Magic:  2/2        EV: 12    Int:  8    God:    Kikubaaqudgha [*.....]
Gold:   33         SH:  0    Dex: 15    Spells: 0/0 levels left

rFire    . . .     SeeInvis .   a - +0 long sword
rCold    . . .     Faith    .   (no shield)
rNeg     . . .     Spirit   +   b - +0 leather armour
rPois    .         Reflect  .   c - +0 helmet
rElec    .         Harm     .   (no cloak)
rCorr    .         Rampage  .   (no gloves)
Will     .....                  (no boots)
Stlth    +.........             (no amulet)
HPRegen  0.03/turn              (no ring)
MPRegen  0.08/turn              (no ring)

@: no status effects
A: fangs 2, magic shield, antimagic bite, no potion heal 2
a: Renounce Religion, Receive Corpses


You were on level 1 of the Dungeon.
You worshipped Kikubaaqudgha.
Kikubaaqudgha was aware of your devotion.
You visited 1 branch of the dungeon, and saw 1 of its levels.

You collected 33 gold pieces.

Inventory:

Hand Weapons
 a - a +0 long sword (weapon)
Missiles
 d - 3 throwing nets (quivered)
Armour
 b - a +0 leather armour (worn)
 c - a +0 helmet (worn)
Scrolls
 e - a scroll of immolation {unknown}
Potions
 f - a potion of curing {unknown}


   Skills:
 + Level 1.9 Fighting
 * Level 2.9 Long Blades
 - Level 1.7 Throwing
 + Level 2.5 Dodging


You couldn't memorise any spells.
You didn't know any spells.
Your spell library contained the following spells:

 Spells                   Type           Power      Damage    Failure   Level
 Pain                     Necr           0%         1d4       47%         1
 Corpse Rot               Necr/Air       N/A        N/A       63%         2
 Sublimation of Blood     Necr           0%         N/A       63%         2
 Vampiric Draining        Necr           0%         2d6       85%         3


Dungeon Overview and Level Annotations

Branches:
Dungeon (1/15)

Altars:
Kikubaaqudgha


Innate Abilities, Weirdness & Mutations

You have extremely sharp teeth.
When hurt, damage is shared between your health and your magic reserves.
Your bite disrupts and absorbs the magic of your enemies.
Potions cannot restore your health.


Message History

You slash the bat!
You kill the bat!
Kikubaaqudgha accepts your kill.
The endoplasm quivers.
You hit the endoplasm. You bite the endoplasm. You drain its power.
The endoplasm is severely wounded.
The endoplasm hits you but does no damage.
You slash the endoplasm!
You kill the endoplasm!
Kikubaaqudgha accepts your kill.
No target in view!
No target in view!
No target in view!
No target in view!
No target in view!
No target in view!
No target in view!
No target in view!
No target in view!
No target in view!
No target in view!
No target in view!
No target in view!
Unknown command.
Unknown command.
Unknown command.
Unknown command.
Unknown command.
Unknown command.
Save game and exit?
Okay, then. (m)acro, keymap [(k) default, (x) level-map, (t)argeting, (c)onfirm, m(e)nu], (s)ave?
Aborting.
Okay, then.
Unknown command.
Save game and exit?
Welcome back, pmoppi the Vine Stalker Gladiator.
Kikubaaqudgha says: Spread unending torment and darkness!
Press ? for a list of commands and other information.
Are you sure you want to abandon this character and quit the game? (Confirm with "yes".)

8#...........#
####.........# ########
.............# #......#
.##..##....### #......#
.#...####### #......#
.#.#.# #......#
.#.#.###########......##
.#..............†.......
..>.............@.....!.
##...###################
###### ##### ....# ....#
....# ##### #


There were no monsters in sight!

Vanquished Creatures
  A ball python (D:1)
  An endoplasm (D:1)
  A goblin (D:1)
  A bat (D:1)
  A kobold (D:1)
5 creatures vanquished.

Notes
Turn   | Place    | Note
-------+----------+-------------------------------------------
     0 | D:1      | pmoppi the Vine Stalker Gladiator began the quest for the
                  | Orb.
     0 | D:1      | Reached XP level 1. HP: 11/11 MP: 2/2
    88 | D:1      | Found a faded altar of an unknown god.
   123 | D:1      | Became a worshipper of Kikubaaqudgha
   123 | D:1      | Reached * piety under Kikubaaqudgha
   123 | D:1      | Identified Kikubaaqudgha's Guide on Black Rites
                  | (Kikubaaqudgha gifted it to you on level 1 of the Dungeon)
   123 | D:1      | Received a gift from Kikubaaqudgha
   279 | D:1      | Quit the game

Illustrated notes

Levels and vault maps discovered:
D:1:      psy_arrival_whirlpool, layout_basic, shapermc_ecumenical_altar_venn,
          st_stairs_8

Action                   || total
-------------------------++-------
Melee: Long sword        ||     9
       Bite              ||     3
Armor: Leather armour    ||     1
Dodge: Dodged            ||     2

Table legend: (Time is in decaauts)
 A = Elapsed time spent in this place.
 B = Non-inter-level travel time spent in this place.
 C = Inter-level travel time spent in this place.
 D = Time resting spent in this place.
 E = Time spent auto-exploring this place.
 F = Levels seen in this place.
 G = Mean time per level.
                   A        B        C        D        E       F      G
               +--------+--------+--------+--------+--------+-----+--------+
         Total |    282 |    282 |      0 |    106 |    144 |   1 |  282.0 |
       Dungeon |    282 |    282 |      0 |    106 |    144 |   1 |  282.0 |
               +--------+--------+--------+--------+--------+-----+--------+

Top non-repeatable levels by time:
     D:1: 282 daAuts
